 Dungeon Crawl Stone Soup version 0.31.0-9-g3a7656b989 (webtiles) character file.

Game seed: 8809739341527285758

5 Colgate the Magician (level 1, 0/13 HPs)
             Began as a Demonspawn Hedge Wizard on Feb 3, 2024.
             Slain by a hobgoblin (3 damage)
             ... on level 1 of the Dungeon.
             The game lasted 00:00:18 (84 turns).

Colgate the Magician (Demonspawn Hedge Wizard)        Turns: 84, Time: 00:00:19

Health: 0/13       AC:  2    Str: 10    XL:     1   Next: 66%
Magic:  3/4        EV: 12    Int: 14    God:
Gold:   14         SH:  0    Dex: 12    Spells: 5/6 levels left

rFire   . . .        a - +0 dagger
rCold   . . .        (no shield)
rNeg    . . .        b - +0 robe
rPois   .            c - +0 hat
rElec   .            (no cloak)
rCorr   .            (no gloves)
SInv    .            (no boots)
Will    .....        (no amulet)
Stlth   ++           (no ring)
HPRegen 0.22/turn    (no ring)
MPRegen 0.09/turn

%: no passive effects
@: no status effects
A: no striking features
a: no special abilities


You were on level 1 of the Dungeon.
You visited 1 branch of the dungeon, and saw 1 of its levels.

You collected 14 gold pieces.

Inventory:

Hand Weapons
 a - a +0 dagger (weapon)
Armour
 b - a +0 robe (worn)
 c - a +0 hat (worn)
Potions
 d - a potion of magic


   Skills:
 - Level 1.7 Dodging
 - Level 1.7 Stealth
 + Level 3.3 Spellcasting
 - Level 1.0 Conjurations
 - Level 1.0 Summonings
 - Level 0.8 Translocations


You had 5 spell levels left.
You knew the following spells:

 Your Spells              Type           Power      Damage    Failure   Level
a - Magic Dart            Conj           20%        1d4       14%         1

Your spell library contained the following spells:

 Spells                   Type           Power      Damage    Failure   Level
 Slow                     Hex            8%         N/A       21%         1
 Call Imp                 Summ           10%        N/A       21%         2
 Blink                    Tloc           8%         N/A       22%         2
 Cigotuvi's Dreadful Rot  Necr/Alch/Air  4%         N/A       30%         2
 Mephitic Cloud           Conj/Alch/Air  3%         N/A       47%         3


Dungeon Overview and Level Annotations

Branches:
Dungeon (1/15)

Altars:


Message History

The bat closely misses you. The bat closely misses you.
The rat squeaks loudly.
The bat barely misses you. The bat hits you.
You barely miss the rat. The rat bites you.
A goblin comes into view. It is wielding a +0 dagger.
You closely miss the rat. The bat hits you but does no damage.
The rat misses you.
You closely miss the rat.
The goblin shouts!
You punch the rat.
You hear a bark!
You hear a shout!
The bat hits you but does no damage. The rat bites you but does no damage.
You hit the rat but do no damage. The bat hits you but does no damage.
The rat closely misses you.
You hit the rat but do no damage. The bat barely misses you.
The bat hits you but does no damage. The rat bites you.
You hit the rat.
You kill the rat!
The bat hits you.
You hit the bat. The bat misses you. The goblin closely misses you.
The bat hits you but does no damage. The bat misses you.
A hobgoblin comes into view.
The goblin completely misses you.
You see here a rat corpse.
You closely miss the bat. The bat hits you.
The goblin hits you with a +0 dagger.
* * * LOW HITPOINT WARNING * * *
The bat closely misses you. The bat misses you. The goblin barely misses you.
The bat barely misses you. The goblin attacks as it pursues you!
The goblin hits you but does no damage. The goblin attacks as it pursues you!
The goblin closely misses you. The bat hits you.
* * * LOW HITPOINT WARNING * * *
The bat barely misses you. The hobgoblin closely misses you.
The bat misses you.
The hobgoblin attacks as it pursues you!
The hobgoblin hits you.
You die...

....##...###...
#......###...
###......#...
##..†.......
#....!......
#...g.......
..##...........
..#....g.......
......b@.....#.
.............#
..#........### ##.##
..#..........####...####
#......#.....#..~..#..
#......#8..~....~....~
#...)†.##...~..~~~..~.
####...#.....~~~~~~~..
#.##....~~~~...~~~~


You could see a hobgoblin, a goblin and a bat.

Vanquished Creatures
  A ball python (D:1)
  A hobgoblin (D:1)
  A kobold (D:1)
  A bat (D:1)
  A rat (D:1)
5 creatures vanquished.

Notes
Turn   | Place    | Note
-------+----------+-------------------------------------------
     0 | D:1      | Colgate the Demonspawn Hedge Wizard began the quest for the
                  | Orb.
     0 | D:1      | Reached XP level 1. HP: 13/13 MP: 4/4
    84 | D:1      | Slain by a hobgoblin

Illustrated notes

Levels and vault maps discovered:
D:1:      eino_arrival_water_star, layout_rooms, amcnicky_mini_corridor_feature

Action                     || total
---------------------------++-------
  Melee: Dagger            ||    17
         Punch             ||     1
   Cast: Magic Dart        ||     5
 Armour: Robe              ||    20
  Dodge: Dodged            ||    38
